 Dungeon Crawl Stone Soup version 0.27.0-1-g7a08968 (webtiles) character file.

Game seed: 1883980720674808755

2100 PanicHappy the Cleaver (level 9, -12/75 HPs)
             Began as a Hill Orc Fighter on Sept 15, 2021.
             Mangled by a two-headed ogre (18 damage)
             ... on level 7 of the Dungeon on Sept 16, 2021.
             The game lasted 00:42:01 (7102 turns).

PanicHappy the Cleaver (Hill Orc Fighter)           Turns: 7102, Time: 00:42:01

Health: -12/75     AC: 22    Str: 27    XL:     9   Next: 28%
Magic:  9/9        EV:  6    Int:  8    God:
Gold:   198        SH: 11    Dex: 11    Spells: 8/8 levels left

rFire    . . .     SeeInvis .   a - +0 war axe
rCold    . . .     Faith    .   c - +0 kite shield
rNeg     + . .     Spirit   .   D - +0 plate armour
rPois    .         Reflect  .   n - +0 helmet
rElec    .         Harm     .   (no cloak)
rCorr    .         Rampage  .   N - +2 pair of gloves of Iluken {rN+ Stlth+}
Will     .....                  p - +0 pair of boots
Stlth    ..........             (no amulet)
HPRegen  0.22/turn              o - +6 ring of strength
MPRegen  0.11/turn              I - +4 ring of protection

@: no status effects
A: no striking features
a: no special abilities


You were on level 7 of the Dungeon.
You visited 1 branch of the dungeon, and saw 7 of its levels.
You also visited: Sewer.

You collected 198 gold pieces.

Inventory:

Hand Weapons
 a - a +0 war axe (weapon)
 b - a +1 short sword of speed
 k - a +6 club
 w - a +2 dagger of pain
 z - a +0 halberd
Missiles
 v - 9 boomerangs
 y - 3 datura-tipped darts
 E - 3 javelins
 L - 5 poisoned darts
Armour
 c - a +0 kite shield (worn)
 n - a +0 helmet (worn)
 p - a +0 pair of boots (worn)
 q - a +3 ring mail
 D - a +0 plate armour (worn)
 J - a +1 hat
 N - the +2 pair of gloves of Iluken (worn) {rN+ Stlth+}
   (You found it on level 6 of the Dungeon)

   rN:        It protects you from negative energy.
   Stlth:     It makes you more stealthy.
Jewellery
 o - a +6 ring of strength (left hand)
 t - a ring of positive energy
 F - a ring of protection from fire
 H - a ring of protection from cold
 I - a +4 ring of protection (right hand)
Wands
 G - a wand of acid (5)
 M - a wand of digging (5)
 O - a wand of iceblast (10)
Scrolls
 e - 2 scrolls of enchant armour {unknown}
 f - 3 scrolls of fear {unknown}
 g - 4 scrolls of fog {unknown}
 j - 3 scrolls of enchant weapon {unknown}
 m - a scroll of magic mapping {unknown}
 s - 6 scrolls of identify {unknown}
 u - 3 scrolls of blinking {unknown}
 x - 3 scrolls of teleportation {unknown}
 A - 2 scrolls of noise {unknown}
 B - a scroll of summoning {unknown}
Potions
 d - a potion of might
 h - a potion of ambrosia {unknown}
 i - a potion of invisibility {unknown}
 l - 3 potions of curing {unknown}
 r - 2 potions of attraction {unknown}
 K - 2 potions of heal wounds {unknown}
Miscellaneous
 C - a phantom mirror (quivered)


   Skills:
 + Level 6.1 Fighting
 + Level 10.1 Axes
 + Level 6.6 Armour
 + Level 2.7 Dodging
 + Level 0.6 Stealth
 + Level 6.5 Shields
 + Level 0.1 Evocations


You had 8 spell levels left.
You didn't know any spells.
Your spell library contained the following spells:

 Spells                   Type           Power      Damage    Failure   Level
 Apportation              Tloc           0%         N/A       100%        1
 Corona                   Hex            0%         N/A       100%        1
 Ensorcelled Hibernation  Hex/Ice        0%         N/A       100%        2
 Gell's Gravitas          Tloc           0%         N/A       100%        3
 Lesser Beckoning         Tloc           0%         N/A       100%        3
 Teleport Other           Tloc           0%         N/A       100%        3
 Tukima's Dance           Hex            0%         N/A       100%        3
 Alistair's Intoxication  Tmut/Pois      0%         N/A       100%        5
 Invisibility             Hex            0%         N/A       100%        6


Dungeon Overview and Level Annotations

Branches:
Dungeon (7/15)             Temple (0/1) D:5           Sewer (visited)

Altars:
Elyvilon
Zin

Shops:
D:3 (   D:4 (


Message History

You slice the two-headed ogre!!
The two-headed ogre is moderately wounded.
You block the two-headed ogre's attack.
The two-headed ogre hits you with a +0 dire flail!
You hit the two-headed ogre.
The two-headed ogre is moderately wounded.
The two-headed ogre hits you with a +0 giant club.
You block the two-headed ogre's attack.
You hit the two-headed ogre.
The two-headed ogre is heavily wounded.
The two-headed ogre hits you with a +0 giant club.
You block the two-headed ogre's attack.
Your shield and plate armour prevent you from hitting the two-headed ogre.
The two-headed ogre is heavily wounded.
You slash the two-headed ogre!
The two-headed ogre is severely wounded.
The two-headed ogre hits you with a +0 giant club.
You block the two-headed ogre's attack.
You slash the two-headed ogre!
The two-headed ogre is almost dead.
The two-headed ogre hits you with a +0 giant club.
The two-headed ogre hits you but does no damage.
You barely miss the two-headed ogre.
The two-headed ogre is almost dead.
The two-headed ogre hits you with a +0 giant club!!
* * * LOW HITPOINT WARNING * * *
You block the two-headed ogre's attack.
You barely miss the two-headed ogre.
The two-headed ogre is almost dead.
The two-headed ogre hits you with a +0 giant club!
* * * LOW HITPOINT WARNING * * *
The two-headed ogre hits you with a +0 dire flail!
* * * LOW HITPOINT WARNING * * *
You hit the two-headed ogre.
The two-headed ogre is almost dead.
The two-headed ogre hits you but does no damage. x2
You hit the two-headed ogre but do no damage.
The two-headed ogre is almost dead.
The two-headed ogre hits you with a +0 giant club!!
You die...

#..#..#..#..#.#
#.#..#.#..#.#.. ##
+#..#...#..#'.. #.
#.#..#.#..#.#.# .#
#..#..#..#..#..
#'####..#...#..##..
....##..#.#..##...
#O#..##..#..## ..
#@##..###'###.....
#.###.............
.######.##...#######...
....................
####################


You could see a two-headed ogre.

Vanquished Creatures
  An acid dragon (D:7)
  An orc warrior (D:7)
  A black bear (D:7)
  2 necrophages
  2 ogres
  A centaur (D:7)
  A phantom (D:5)
  A kobold brigand (D:6)
  Blork the orc (D:6)
  2 bullfrogs (Sewer)
  A scorpion (D:5)
  2 howler monkeys (D:7)
  A centaur zombie (D:7)
  2 hounds
  A jelly (D:7)
  3 bullfrog skeletons
  Jessica (D:3)
  3 iguanas
  7 orc wizards
  Robin (D:3)
  3 gnolls (D:4)
  16 adders
  4 river rats (D:4)
  2 white imps
  9 worms
  4 dart slugs
  15 orcs
  9 bats
  11 endoplasms
  10 giant cockroaches
  17 goblins
  9 hobgoblins
  6 jackals
  10 kobolds
  7 quokkas
  23 ball pythons
  15 frilled lizards
  10 rats
215 creatures vanquished.

Notes
Turn   | Place    | Note
-------+----------+-------------------------------------------
     0 | D:1      | PanicHappy the Hill Orc Fighter began the quest for the
                  | Orb.
     0 | D:1      | Reached XP level 1. HP: 19/19 MP: 1/1
   130 | D:1      | Reached XP level 2. HP: 20/27 MP: 2/2
   738 | D:1      | Reached skill level 3 in Axes
   738 | D:1      | Reached XP level 3. HP: 33/33 MP: 3/3
  1686 | D:2      | Found a faded altar of an unknown god.
  1742 | D:2      | Reached XP level 4. HP: 38/40 MP: 4/4
  1810 | D:2      | Reached skill level 1 in Dodging
  2052 | D:3      | Reached skill level 4 in Axes
  2123 | D:3      | Reached XP level 5. HP: 21/46 MP: 5/5
  2380 | D:3      | Found Tysyileh's Antique Weapon Shoppe.
  2564 | D:3      | Noticed Robin
  2574 | D:3      | Reached skill level 5 in Axes
  2591 | D:3      | Killed Robin
  2872 | D:3      | Reached XP level 6. HP: 47/52 MP: 6/6
  2949 | D:3      | Found a white marble altar of Elyvilon.
  3006 | D:3      | Noticed Jessica
  3009 | D:3      | Killed Jessica
  3010 | D:3      | Reached skill level 6 in Axes
  3673 | D:4      | Found a glowing silver altar of Zin.
  3675 | D:4      | Noticed a necrophage
  3683 | D:4      | Killed a necrophage
  3755 | D:4      | Reached XP level 7. HP: 52/60 MP: 7/7
  3815 | D:4      | Reached skill level 7 in Axes
  4058 | D:4      | Found a glowing drain.
  4065 | Sewer    | Entered a sewer
  4149 | Sewer    | Reached skill level 5 in Fighting
  4459 | Sewer    | Reached skill level 5 in Shields
  4711 | D:4      | Found Tastepem's Antique Weapon Emporium.
  5013 | D:5      | Entered Level 5 of the Dungeon
  5019 | D:5      | Reached skill level 8 in Axes
  5019 | D:5      | Reached XP level 8. HP: 64/68 MP: 8/8
  5394 | D:5      | Found a staircase to the Ecumenical Temple.
  6009 | D:6      | Reached skill level 9 in Axes
  6022 | D:6      | Reached skill level 5 in Armour
  6258 | D:6      | Identified the +2 pair of gloves of Iluken {rN+ Stlth+}
  6387 | D:6      | Noticed Blork the orc
  6391 | D:6      | Noticed a troll
  6405 | D:6      | Killed Blork the orc
  6849 | D:7      | Reached XP level 9. HP: 70/75 MP: 9/9
  6857 | D:7      | Reached skill level 10 in Axes
  7089 | D:7      | Noticed a two-headed ogre
  7102 | D:7      | Mangled by a two-headed ogre

Illustrated notes

Levels and vault maps discovered:
D:1:      lemuel_arrival_tunnels, layout_basic
D:2:      layout_basic, hellmonk_ecumenical_altar_heavens_door
D:3:      layout_loops_ring, mainiacjoe_overflow_cross_hatched, serial_shops,
          nicolae_shop_window_shopping, chequers_serial_rivers_small_3,
          mrwooster_statue_mirror, minmay_box_of_dots, uniq_robin, uniq_jessica
D:4:      layout_loops_ring, mainiacjoe_overflow_boulevard, serial_shops,
          nicolae_shop_trees, lightli_sewer_entry_pipes
D:5:      layout_basic, minmay_temple_entry_glass
D:6:      minmay_flawed_box, layout_basic, grunt_temple_overflow_octagram,
          supply_closet_lemuel, uniq_blork_the_orc
D:7:      minmay_the_grid_octo_tiled_octocenter [minmay_the_grid_octo_odd_swirl,
          minmay_the_grid_octo_chip, minmay_the_grid_octo_toaster,
          minmay_the_grid_octo_thin_diamonds, minmay_the_grid_octo_prize_big_c,
          minmay_the_grid_square_5x5_pentomino_r,
          minmay_the_grid_square_5x5_fancy_junction,
          minmay_the_grid_square_5x5_two_walls_b,
          minmay_the_grid_square_5x5_tetrominoes], layout_rooms,
          minmay_alternating_orb, uniq_maggie, uniq_duvessa

Skill      XL: |  1  2  3  4  5  6  7  8  9 |
---------------+----------------------------+-----
Fighting       | 4 5 6 |  6.1
Axes           | 3 4 5 6 8 9 10 | 10.1
Dodging        | 1 2 |  2.7
Armour         | 4 6 |  6.6
Shields        | 4 5 6 |  6.5
Stealth        | |  0.6
Evocations     | |  0.1

Action                   |  1- 3 |  4- 6 |  7- 9 || total
-------------------------+-------+-------+-------++-------
Melee: War axe           |   129 |   146 |   394 ||   669
Evoke: Wand              |       |       |     1 ||     1
  Use: Potion            |       |       |     1 ||     1
Armor: Scale mail        |    32 |       |       ||    32
       Ring mail         |    48 |    51 |    94 ||   193
       Plate armour      |       |       |   121 ||   121
Dodge: Dodged            |    47 |    59 |   128 ||   234
Block: Kite shield       |    77 |   100 |   249 ||   426
